 Dungeon Crawl Stone Soup version 0.30-a0-936-ge0d47acfc0 (webtiles) character file.

Game seed: 3086245173615606234

35 MacCMillion the Shield-Bearer (level 3, 33/33 HPs)
             Began as a Minotaur Fighter on Mar 24, 2023.
             Was a Plaything of Xom.
             Quit the game on level 1 of the Dungeon.
             The game lasted 00:01:34 (930 turns).

MacCMillion the Shield-Bearer (Minotaur Fighter)     Turns: 930, Time: 00:01:35

Health: 33/33      AC:  7    Str: 22    XL:     3   Next: 17%
Magic:  2/2        EV:  9    Int:  5    God:    Xom [..*...]
Gold:   82         SH:  4    Dex:  9    Spells: 2/2 levels left

rFire   . . .      SeeInvis .    a - +0 war axe
rCold   . . .      Faith    .    c - +0 buckler
rNeg    . . .      Spirit   .    b - +0 scale mail
rPois   .          Reflect  .    (helmet restricted)
rElec   .          Rampage  .    (no cloak)
rCorr   .                        (no gloves)
Will    .....                    (no boots) Stlth
                                 (no amulet)
HPRegen 0.25/turn                (no ring)
MPRegen 0.08/turn                (no ring)

@: no status effects
A: horns 2, retaliatory headbutt
a: Renounce Religion


You were on level 1 of the Dungeon.
You worshipped Xom.
You were a toy of Xom.
You visited 1 branch of the dungeon, and saw 1 of its levels.

You collected 82 gold pieces.

Inventory:

Hand Weapons
 a - a +0 war axe (weapon)
Missiles
 j - 3 javelins (quivered)
Armour
 b - a +0 scale mail (worn)
 c - a +0 buckler (worn)
Scrolls
 e - a scroll of brand weapon {unknown}
 g - a scroll of noise {unknown}
 h - a scroll of magic mapping {unknown}
 i - a scroll of fog {unknown}
Potions
 d - a potion of might
 f - a potion of curing {unknown}


   Skills:
 - Level 3.8 Fighting
 + Level 3.4 Axes
 - Level 3.8 Armour
 + Level 4.3 Shields


You had 2 spell levels left.
You didn't know any spells.
Your spell library contained the following spells:

 Spells                   Type           Power      Damage    Failure   Level
 Blink                    Tloc           0%         N/A       95%         2
 Ignite Poison            Fire/Tmut/Pois 0%         N/A       99%         3
 Spider Form              Tmut/Pois      0%         N/A       99%         3
 Manifold Assault         Tloc           0%         N/A       100%        4
 Alistair's Intoxication  Tmut/Pois      0%         N/A       100%        5
 Summon Forest            Summ/Tloc      0%         N/A       100%        5
 Storm Form               Tmut/Air       0%         N/A       100%        7


Dungeon Overview and Level Annotations

Branches:
Dungeon (1/15)

Altars:
Xom


Innate Abilities, Weirdness & Mutations

You have a pair of horns on your head.
You reflexively headbutt those who attack you in melee.


Message History

You barely miss the kobold.
You headbutt the kobold, but do no damage.
The kobold completely misses you.
You hit the kobold.
You kill the kobold!
You slash the frilled lizard!
You kill the frilled lizard!
No target in view!
No target in view!
No target in view!
HP restored.
Items here: )) ††.
There is a stone staircase leading down here.
A hobgoblin comes into view.
The hobgoblin shouts!
A hobgoblin is nearby!
A hobgoblin is nearby!
The hobgoblin hits you but does no damage.
You barely miss the hobgoblin.
The hobgoblin hits you but does no damage.
You hit the hobgoblin but do no damage.
The hobgoblin hits you but does no damage.
The hobgoblin closely misses you. You furiously retaliate!
You headbutt the hobgoblin.
You kill the hobgoblin!
No target in view!
No target in view!
You see here a hobgoblin corpse.
You see here a hobgoblin corpse.
Items here: )) ††.
Found a short sword.
Xom's power almost touches on you for a moment.
Your scroll labelled MASEQYOMUO falls out of your pack, then immediately jumps back in!
You see here a quokka skeleton.
There is a shimmering altar of Xom here.
Partly explored, can't reach some places.
Partly explored, can't reach some places.
Partly explored, can't reach some places.
Partly explored, can't reach some places.
Are you sure you want to abandon this character and quit the game? (Confirm with "yes".)

#####_##### #.#
#.........# #)#
#.........#
#####.#####
#P.P.P...P#
#..........
#P.....P..##
#.###.#####
#.#..P....#.#
#.# #.#####
###.......###
#.# #......
##..PP...##
#.#########
#.##..P##@#
####....>....#
#.##...####
#.....(.......
#.#.###.#
#.###########.
#..###.## #.#
#.
##......#####.#
#.
####.........#
#. #...#######
## #####


There were no monsters in sight!

Vanquished Creatures
  A dart slug (D:1)
  A ball python (D:1)
  3 bats (D:1)
  An endoplasm (D:1)
  A giant cockroach (D:1)
  2 goblins (D:1)
  4 hobgoblins (D:1)
  5 jackals (D:1)
  3 kobolds (D:1)
  2 quokkas (D:1)
  4 frilled lizards (D:1)
27 creatures vanquished.

Vanquished Creatures (others)
  3 demonic plants (D:1)
  2 fungi (D:1)
  3 plants (D:1)
  2 withered plants (D:1)
10 creatures vanquished.

Grand Total: 37 creatures vanquished

Notes
Turn   | Place    | Note
-------+----------+-------------------------------------------
     0 | D:1      | MacCMillion the Minotaur Fighter began the quest for the
                  | Orb.
     0 | D:1      | Reached XP level 1. HP: 19/19 MP: 0/0
    90 | D:1      | Reached XP level 2. HP: 27/27 MP: 1/1
   362 | D:1      | Reached skill level 4 in Shields
   468 | D:1      | Got the Vellum of the Unified Coward
   526 | D:1      | Found a faded altar of an unknown god.
   539 | D:1      | Reached XP level 3. HP: 27/33 MP: 2/2
   662 | D:1      | Prayed at the altar of an unknown god.
   662 | D:1      | Became a worshipper of The Xom-Meister, Xom-o-Rama
   710 | D:1      | XOM: silly message
   897 | D:1      | XOM: silly message
   930 | D:1      | Quit the game

Illustrated notes

Levels and vault maps discovered:
D:1:      saegor_arrival_simple_b, layout_loops_ring,
          shapermc_ecumenical_altar_gd

Skill      XL: |  1  2 |
---------------+-------+-----
Axes           | 3 |  3.4
Shields        | 4 |  4.3
Fighting       | |  3.8
Armour         | |  3.8

Action                     || total
---------------------------++-------
  Melee: War axe           ||    51
         Headbutt          ||     6
 Armour: Scale mail        ||    27
  Dodge: Dodged            ||    28
  Block: Buckler           ||    17

Table legend: (Time is in decaauts)
 A = Elapsed time spent in this place.
 B = Non-inter-level travel time spent in this place.
 C = Inter-level travel time spent in this place.
 D = Time resting spent in this place.
 E = Time spent auto-exploring this place.
 F = Levels seen in this place.
 G = Mean time per level.
                   A        B        C        D        E       F      G
               +--------+--------+--------+--------+--------+-----+--------+
         Total |    950 |    950 |      0 |    119 |    683 |   1 |  950.0 |
       Dungeon |    950 |    950 |      0 |    119 |    683 |   1 |  950.0 |
               +--------+--------+--------+--------+--------+-----+--------+

Top non-repeatable levels by time:
     D:1: 950 daAuts
